 Dungeon Crawl Stone Soup version 0.29.1-15-g9cfb28693d (webtiles) character file.

Game seed: 4999558470554608612

790 Ayazi56 the Sneak (level 7, -1/49 HPs)
             Began as an Octopode Monk on Apr 13, 2023.
             Was an Elder of Jiyva.
             Slain by a gnoll
             ... wielding a +0 flail
             ... led by a gnoll bouda
              (12 damage)
             ... on level 5 of the Dungeon.
             The game lasted 00:20:35 (2786 turns).

Ayazi56 the Sneak (Octopode Monk)                   Turns: 2786, Time: 00:20:35

Health: -1/49      AC:  1    Str: 10    XL:     7   Next: 87%
Magic:  7/7        EV: 15    Int: 13    God:    Jiyva [****..]
Gold:   215        SH:  0    Dex: 16    Spells: 6/6 levels left

rFire   . . .      SeeInvis .   p - +2 quarterstaff (chaos)
rCold   + + +      Faith    .   (shield currently unavailable)
rNeg    . . .      Spirit   .   (helmet restricted)
rPois   .          Reflect  .   o - amulet of the acrobat
rElec   .          Harm     .   q - ring of wizardry
rCorr   +          Rampage  .   (no ring)
Will    .....                   (no ring)
Stlth   ++++......              (no ring)
HPRegen 1.44/turn               (no ring)
MPRegen 0.50/turn               (no ring)
                                (no ring)
                                (no ring)

@: no status effects
A: almost no armour, amphibious, 8 rings, camouflage 1, gelatinous body 1,
(nimble swimmer 1), tentacles, cold resistance 3, noise suppression
a: Renounce Religion, Oozemancy, Slimify


You were on level 5 of the Dungeon.
You worshipped Jiyva.
Jiyva was greatly pleased with you.
You visited 1 branch of the dungeon, and saw 5 of its levels.

You collected 215 gold pieces.

Inventory:

Hand Weapons
 f - the +4 dagger "Morg" {pain, Will+ Int+5}
   (You found it on level 2 of the Dungeon)

   In the hands of one skilled in necromantic magic, it inflicts extra damage on
   living creatures.
   Int:       It affects your intelligence (+5).
   Will:      It increases your willpower.
 i - a +2 long sword of holy wrath
 l - a +0 spear of freezing
 p - a +2 quarterstaff of chaos (weapon)
Jewellery
 o - an amulet of the acrobat (around mantle)
 q - a ring of wizardry (left tentacle)
Scrolls
 b - a scroll of enchant armour {unknown}
 c - a scroll of immolation {unknown}
 d - a scroll of poison {unknown}
 e - 2 scrolls of teleportation
 g - a scroll of fear {unknown}
 h - 2 scrolls of identify
 k - a scroll of enchant weapon {unknown}
 m - a scroll of magic mapping {unknown}
 n - a scroll of amnesia {unknown}
Potions
 a - a potion of magic
 j - 3 potions of flight
 r - a potion of heal wounds {unknown}


   Skills:
 + Level 4.6 Fighting
 + Level 1.1(2.1) Short Blades
 + Level 2.7(2.9) Long Blades
 + Level 4.2(4.7) Maces & Flails
 + Level 3.1(4.1) Staves
 + Level 4.2 Dodging
 + Level 6.5 Stealth


You had 6 spell levels left.
You didn't know any spells.
Your spell library was empty.

Dungeon Overview and Level Annotations

Branches:
Dungeon (5/15)
 Temple: D:4-7

Altars:
Makhleb
Jiyva

Shops:
D:1 =

Annotations:
D:1 2 transporters


Innate Abilities, Weirdness & Mutations

You cannot wear most types of armour.
You are amphibious.
You can wear up to eight rings at the same time.
Your skin changes colour to match your surroundings (Stealth+).
Your rubbery body absorbs attacks. (AC +1, EV +1)
((You are camouflaged when in or above water. (Stealth+)))
You have tentacles for arms and can constrict up to eight enemies at once.
Your flesh is almost immune to the effects of cold. (rC+++)
You passively dampen the noise of your surroundings.


Message History

The necrophage is lightly damaged.
You constrict the necrophage. The gnoll misses you. The necrophage misses you.
You completely miss the necrophage. You squeeze the necrophage.
The necrophage is moderately damaged.
You constrict the necrophage. The gnoll barely misses you.
The necrophage hits you but does no damage.
Your ogre zombie hits the necrophage.
You sock the necrophage!
The necrophage is severely damaged.
You constrict the necrophage.
The gnoll hits you from afar with a +0 spear.
The necrophage hits you but does no damage.
The gnoll hits you from afar with a +0 spear.
You barely miss the necrophage.
The necrophage is almost destroyed.
You constrict the necrophage. The necrophage misses you.
Your ogre zombie hits the necrophage.
The necrophage is destroyed!
The gnoll hits you from afar with a +0 spear.
Your life force feels restored.
Your base Staves skill increases to level 3!
The gnoll completely misses you.
Your attacks no longer feel as feeble.
The gnoll completely misses you.
Your ogre zombie barely misses the gnoll.
The gnoll completely misses you.
The gnoll is no longer moving quickly. x2; The gnoll completely misses you.
You swap places.
The gnoll closely misses you. The gnoll completely misses you.
Things that are here:
a +0 club; a +0 leather armour; a +0 whip You hit the gnoll.
You freeze the gnoll. You grab the gnoll. Your squeeze misses the gnoll.
The gnoll is heavily wounded.
You constrict the gnoll. The gnoll hits you with a +0 flail!
The gnoll hits you with a +0 spear!
* * * LOW HITPOINT WARNING * * *
You hit the gnoll.
The gnoll is severely wounded.
You constrict the gnoll. The gnoll hits you with a +0 flail!
You die...

. .#[. #.#
.#####.#.#####.#
.......#.......#
#.#...##<.#.#..#
..........#.#..######
............#.......#
#..#####..####.###
#..# #..#....)Z# #..#
#.).....#@# #..#
#..#.####gg..# ....
.....#.# .........
#..#####..#.#
##.##..... #...
...#.# #.# .....
##.##.# #.# #### #.
.#. #.# #. # # ..#


You could see 2 gnolls and a friendly ogre zombie.

Vanquished Creatures
  Sigmund (D:3)
  An ogre (D:5)
  A scorpion (D:4)
  A howler monkey (D:4)
  A hound (D:4)
  A gnoll bouda (D:5)
  Crazy Yiuf (D:3)
  An orc priest (D:4)
  Jessica (D:2)
  Natasha (D:3)
  An orc wizard (D:4)
  Robin (D:2)
  7 adders
  2 worms
  4 dart slugs
  5 orcs
  4 ball pythons
  9 endoplasms
  5 giant cockroaches
  10 hobgoblins
  2 jackals (D:3)
  7 quokkas
  A bat (D:3)
  2 frilled lizards
  13 goblins
  10 kobolds
  5 rats
98 creatures vanquished.

Vanquished Creatures (collateral kills)
  A necrophage (D:5)
  2 gnolls (D:5)
3 creatures vanquished.

Vanquished Creatures (others)
  An orc wizard (D:5)
  A white imp (D:5)
  A dart slug (D:4)
  5 orcs
  A jackal (D:4)
  A fungus (D:3)
10 creatures vanquished.

Grand Total: 111 creatures vanquished

Notes
Turn   | Place    | Note
-------+----------+-------------------------------------------
     0 | D:1      | Ayazi56 the Octopode Monk began the quest for the Orb.
     0 | D:1      | Reached XP level 1. HP: 16/16 MP: 1/1
    12 | D:1      | Found Ketog's Jewellery Emporium.
   110 | D:1      | Reached XP level 2. HP: 21/21 MP: 2/2
   207 | D:1      | Reached skill level 3 in Stealth
   321 | D:1      | Reached XP level 3. HP: 23/26 MP: 3/3
   895 | D:2      | Reached XP level 4. HP: 9/31 MP: 4/4
   899 | D:2      | Reached skill level 4 in Stealth
  1021 | D:2      | Found the +4 dagger "Morg" {pain, Will+ Int+5}
  1473 | D:2      | Noticed Jessica
  1480 | D:2      | Killed Jessica
  1481 | D:2      | Reached XP level 5. HP: 36/36 MP: 5/5
  1531 | D:2      | Noticed Robin
  1536 | D:2      | Killed Robin
  1637 | D:3      | Found a burning altar of Makhleb.
  1747 | D:3      | Noticed Sigmund
  1752 | D:3      | Found a faded altar of an unknown god.
  1757 | D:3      | Killed Sigmund
  1758 | D:3      | Reached skill level 1 in Short Blades
  1758 | D:3      | Reached skill level 1 in Long Blades
  1758 | D:3      | Reached skill level 5 in Stealth
  1758 | D:3      | Reached XP level 6. HP: 26/43 MP: 6/6
  1764 | D:3      | Prayed at the altar of an unknown god.
  1764 | D:3      | Became a worshipper of Jiyva Joseap the Shapeless
  1764 | D:3      | Reached * piety under Jiyva
  1764 | D:3      | Reached ** piety under Jiyva
  1822 | D:3      | Noticed Natasha
  1829 | D:3      | Killed Natasha
  1955 | D:3      | Found a runed translucent door.
  1956 | D:3      | Noticed Crazy Yiuf
  1963 | D:3      | Killed Crazy Yiuf
  2105 | D:4      | Reached *** piety under Jiyva
  2163 | D:4      | Reached skill level 6 in Stealth
  2163 | D:4      | Reached XP level 7. HP: 42/48 MP: 7/7
  2258 | D:4      | Reached skill level 1 in Staves
  2267 | D:4      | HP: 2/48 [something (3)]
  2353 | D:4      | Gained mutation: You passively dampen the noise of your
                  | surroundings. [Jiyva's grace]
  2353 | D:4      | Gained mutation: Your flesh is cold resistant. (rC+)
                  | [Jiyva's grace]
  2353 | D:4      | Gained mutation: Your flesh is very cold resistant. (rC++)
                  | [Jiyva's grace]
  2353 | D:4      | Gained mutation: Your flesh is almost immune to the effects
                  | of cold. (rC+++) [Jiyva's grace]
  2639 | D:4      | Reached **** piety under Jiyva
  2707 | D:5      | Entered Level 5 of the Dungeon
  2786 | D:5      | Slain by a gnoll

Illustrated notes

Levels and vault maps discovered:
D:1:      spicycebolla_arrival_transporter_tutorial, layout_loops_cross,
          serial_shops, shop, minmay_pentomino_x4
D:2:      layout_loops_corners, uniq_robin, uniq_jessica
D:3:      layout_rooms, lemuel_crystal_altar,
          hellmonk_ecumenical_altar_lost_god, uniq_natasha, uniq_sigmund,
          uniq_crazy_yiuf_cottage
D:4:      layout_basic, minivault_14, minmay_manual_macuahuitl
D:5:      layout_loops_ring, lemuel_coloured_pillars_altar,
          grunt_dithmenos_smoke, minmay_temple_entry_stoned_glass

Skill      XL: |  1  2  3  4  5  6  7 |
---------------+----------------------+-----
Stealth        | 3 4 5 6 |  6.5
Short Blades   | 1 |  1.1
Long Blades    | 1 2 |  2.7
Maces & Flails | 4 |  4.2
Fighting       | 4 |  4.6
Dodging        | 4 |  4.2
Staves         | 3 |  3.1

Action                   |  1- 3 |  4- 6 |  7- 9 || total
-------------------------+-------+-------+-------++-------
Melee: Mace              |    70 |    22 |       ||    92
       Constrict         |    16 |    32 |    13 ||    61
       Tentacles         |    12 |    25 |    11 ||    48
       Punch             |     1 |     1 |       ||     2
       Dagger            |       |    25 |       ||    25
       Long sword        |       |    48 |       ||    48
       Quarterstaff      |       |    16 |    57 ||    73
  Use: Potion            |       |     4 |     1 ||     5
       Scroll            |       |     3 |       ||     3
 Stab: Sleeping          |    16 |     8 |     1 ||    25
       Invisible         |       |       |     2 ||     2
Armor: Skin              |     4 |     5 |     5 ||    14
Dodge: Dodged            |    44 |    76 |    45 ||   165
